 Dungeon Crawl Stone Soup version 0.31-a0-185-g9dded2c639 (webtiles) character file.

Game seed: 5679586184531193661

242 qw the Skirmisher (level 5, -2/30 HPs)
             Began as a Deep Elf Hunter on June 22, 2023.
             Slain by Duvessa
             ... wielding a +2 rapier of holy wrath
              (4 damage)
             ... on level 4 of the Dungeon.
             The game lasted 00:01:08 (2930 turns).

qw the Skirmisher (Deep Elf Hunter)                 Turns: 2930, Time: 00:01:08

Health: -2/30      AC:  8    Str: 18    XL:     5   Next: 81%
Magic:  7/7        EV: 11    Int: 13    God:
Gold:   176        SH:  5    Dex: 13    Spells: 4/4 levels left

rFire   . . .        Y - +1 shortbow
rCold   . . .        (shield currently unavailable)
rNeg    . . .        f - +0 ring mail
rPois   +            (no helmet)
rElec   +            (no cloak)
rCorr   .            (no gloves)
SInv    .            b - +2 pair of boots of the Amoeba {rElec rPois Str+4 Slay-3}
Will    .....        d - amulet of reflection
Stlth   +            e - +4 ring of slaying {mikee}
HPRegen 0.25/turn    (no ring)
MPRegen 0.10/turn

%: reflection
@: no status effects
A: clumsy 2, strong 1
a: no special abilities


You were on level 4 of the Dungeon.
You visited 1 branch of the dungeon, and saw 5 of its levels.

You collected 176 gold pieces.


Innate Abilities, Weirdness & Mutations

You are very clumsy. (Dex -4)
Your muscles are strong. (Str +4, Int/Dex -1)


   Skills:
 - Level 2.2 Fighting
 + Level 9.0 Ranged Weapons
 - Level 2.4 Dodging
 - Level 1.2 Stealth


You had 4 spell levels left.
You didn't know any spells.
Your spell library was empty.

Inventory:

Hand Weapons
 Y - a +1 shortbow (weapon)
Armour
 b - the +2 pair of boots of the Amoeba (worn) {rElec rPois Str+4 Slay-3}
   (You found it on level 2 of the Dungeon)

   Str:       It affects your strength (+4).
   Slay:      It affects your accuracy & damage with ranged weapons and melee
   (-3).
   rElec:     It insulates you from electricity.
   rPois:     It protects you from poison.
 f - a +0 ring mail (worn)
 k - the +2 leather armour of Neqeskepn {*Slow rPois rCorr Int+6}
   (You found it on level 2 of the Dungeon)

   Int:       It affects your intelligence (+6).
   rPois:     It protects you from poison.
   rCorr:     It protects you from acid and corrosion.
   *Slow:     It may slow you when you take damage.
Jewellery
 d - an amulet of reflection (around neck)
 e - a +4 ring of slaying (left hand) {mikee}
 h - a ring of fire
Scrolls
 a - a scroll of identify
Potions
 c - a potion of attraction {unknown}
 g - a potion of mutation
 i - 2 potions of curing
 j - a potion of magic {unknown}
 l - a potion of cancellation {unknown}
 m - a potion of degeneration {unknown}
 n - 2 potions of enlightenment

Dungeon Overview and Level Annotations

Branches:
Dungeon (5/15)
 Temple: D:4-7

Altars:

Annotations:
D:3 3 runed translucent doors, Crazy Yiuf; qw's ghost, amateur DEHu
D:4 Dowan; Duvessa


Message History

Dowan casts a spell.
Dowan blinks!
Duvessa hits you but does no damage.
You shoot an arrow.
The arrow hits Duvessa but does no damage.
Duvessa is lightly wounded.
Duvessa closely misses you.
You shoot an arrow. The arrow barely misses Duvessa.
You block Duvessa's attack.
Duvessa hits you with a +2 rapier of holy wrath.
You shoot an arrow. The arrow hits Duvessa.
Duvessa is moderately wounded.
Duvessa barely misses you. You block Duvessa's attack.
You shoot an arrow. The arrow barely misses Duvessa.
Dowan hits you with a +0 dagger.
Duvessa hits you with a +2 rapier of holy wrath.
Dowan gestures wildly while chanting.
Dowan blinks!
You shoot an arrow.
The arrow hits Duvessa but does no damage.
Duvessa is moderately wounded.
Duvessa misses you. You block Duvessa's attack.
You shoot an arrow. The arrow hits Duvessa.
Duvessa is heavily wounded.
Duvessa hits you with a +2 rapier of holy wrath.
You shoot an arrow. The arrow hits Duvessa.
Duvessa is heavily wounded.
Duvessa hits you but does no damage.
Dowan points at you and mumbles some strange words.
The puff of flame hits you but does no damage.
You shoot an arrow.
The arrow hits Duvessa but does no damage.
Duvessa is heavily wounded.
Duvessa closely misses you. x2
You shoot an arrow. The arrow barely misses Duvessa.
Duvessa misses you. Dowan closely misses you.
You shoot an arrow.
The arrow hits Duvessa but does no damage.
Duvessa is heavily wounded.
Duvessa hits you with a +2 rapier of holy wrath.
You die...

....+....# #.....##
....####.########......####
...................###....#
....##........)....#......# #####
....##.............#.##...###....
'#.###.............#.....<.##....
.#.................'.......##....
.........#.........###...........
...............e@..###...........
.....###.##.....e....#.###......#
.....# #.#######.../.#.###......#
.....# #.# #.....#.#........#
#....# #.#############.#........#
'....# #.#.........#.#.#.....##.#
#....###.#.....###.#.#.###.####.#
......##.#.....#.#.#...###'## #..
......##.#####.#.#.#........# ###


You could see Duvessa (fast) and Dowan.

Vanquished Creatures
  A hound (D:4)
  2 orc priests (D:4)
  An orc wizard (D:4)
  4 adders
  2 dart slugs
  7 orcs (D:4)
  2 bats
  5 endoplasms
  6 giant cockroaches
  4 hobgoblins
  2 jackals (D:1)
  10 kobolds
  4 quokkas
  7 ball pythons
  3 frilled lizards
  12 goblins
  5 rats
77 creatures vanquished.

Notes
Turn   | Place    | Note
-------+----------+-------------------------------------------
     0 | D:1      | qw the Deep Elf Hunter began the quest for the Orb.
     0 | D:1      | Reached XP level 1. HP: 12/12 MP: 3/3
     0 | D:1      | 0 ||| qw: Version: 0.3-a-9-g12657ce
     0 | D:1      | 0 ||| qw: Game counter: 1836
     0 | D:1      | 0 ||| qw: Always use a shield: true
     0 | D:1      | 0 ||| qw: God list: Okawaru
     0 | D:1      | 0 ||| qw: Allow faded altars: false
     0 | D:1      | 0 ||| qw: Do Orc after D:15 true
     0 | D:1      | 0 ||| qw: Do second Lair branch before Depths: true
     0 | D:1      | 0 ||| qw: Lair rune preference: random
     0 | D:1      | 0 ||| qw: Plans: Normal
     0 | D:1      | 0 ||| PLANNING D:1-11
   158 | D:1      | Reached XP level 2. HP: 16/16 MP: 4/4
   175 | D:1      | Reached skill level 6 in Ranged Weapons
   662 | D:1      | Reached XP level 3. HP: 20/20 MP: 5/5
   718 | D:1      | 718 ||| UPGRADING to +0 ring mail.
   728 | D:1      | 728 ||| DROPPING +0 leather armour.
   729 | D:1      | 729 ||| UPGRADING to +4 ring of slaying {mikee}.
   730 | D:1      | 730 ||| DROPPING +6 ring of intelligence.
   731 | D:1      | 731 ||| DROPPING ring of magical power.
   732 | D:1      | 732 ||| READING scroll labelled COSIGE AGIE.
   733 | D:1      | 733 ||| READING scroll labelled DUEMPI HODGH.
   734 | D:1      | 734 ||| READING scroll labelled ITHITO UTTERINE.
   735 | D:1      | 735 ||| DROPPING scroll of butterflies.
   792 | D:2      | Identified the +2 pair of boots of the Amoeba {rElec rPois
                  | Str+4 Slay-3}
   898 | D:2      | Reached skill level 7 in Ranged Weapons
   952 | D:2      | Identified the +2 leather armour of Neqeskepn {*Slow rPois
                  | rCorr Int+6}
  1171 | D:2      | Identified the +6 short sword of Terror {spect, rElec Will-
                  | Int+8 Dex-4}
  1292 | D:2      | 1292 ||| UPGRADING to +2 pair of boots of the Amoeba {rElec
                  | rPois Str+4 Slay-3}.
  1297 | D:2      | 1297 ||| DROPPING scarf of harm.
  1298 | D:2      | 1298 ||| READING scroll labelled TANOFY CUPUISH.
  1303 | D:2      | 1303 ||| READING scroll labelled KEUGRO ZIUPA.
  1304 | D:2      | 1304 ||| READING scroll labelled YJEXODGHOUHA.
  1305 | D:2      | 1305 ||| DRINKING 2 coppery potions.
  1305 | D:2      | Gained mutation: You are clumsy. (Dex -2) [potion of
                  | mutation]
  1305 | D:2      | Gained mutation: Your muscles are strong. (Str +4, Int/Dex
                  | -1) [potion of mutation]
  1305 | D:2      | Gained mutation: You are very clumsy. (Dex -4) [potion of
                  | mutation]
  1468 | D:3      | Reached XP level 4. HP: 25/25 MP: 6/6
  1824 | D:3      | Noticed qw's ghost (amateur DEHu)
  1825 | D:3      | Found a runed translucent door.
  1882 | D:3      | Found a runed translucent door.
  2176 | D:3      | Found a runed translucent door.
  2177 | D:3      | Noticed Crazy Yiuf
  2180 | D:3      | 2180 ||| UPGRADING to amulet of reflection.
  2185 | D:3      | 2185 ||| READING scroll labelled VINTAERYDO.
  2223 | D:4      | Reached skill level 8 in Ranged Weapons
  2285 | D:4      | Identified the +5 quarterstaff "Uxzamime" {drain, Dex+3
                  | Stlth+}
  2491 | D:4      | Reached XP level 5. HP: 29/29 MP: 7/7
  2586 | D:4      | 2586 ||| Stepping ~*~*~tactically~*~*~ (outnumbered).
  2602 | D:4      | Reached skill level 9 in Ranged Weapons
  2779 | D:4      | 2779 ||| READING 2 scrolls labelled FAGRE UQIRHU.
  2780 | D:4      | 2780 ||| DRINKING 3 ruby potions.
  2781 | D:4      | 2781 ||| DRINKING 3 purple potions.
  2782 | D:4      | 2782 ||| DROPPING scroll of revelation.
  2802 | D:5      | Entered Level 5 of the Dungeon
  2802 | D:5      | Noticed Duvessa
  2802 | D:5      | Noticed Dowan
  2807 | D:5      | 2807 ||| STAIRDANCE
  2856 | D:5      | 2856 ||| STAIRDANCE
  2911 | D:5      | 2911 ||| STAIRDANCE
  2924 | D:4      | HP: 6/30 [Duvessa/+2 rapier of holy wrath (5)]
  2926 | D:4      | HP: 1/30 [Duvessa/+2 rapier of holy wrath (6)]
  2930 | D:4      | Slain by Duvessa

Levels and vault maps discovered:
D:1:      kilobyte_arrival_exit_the_forest, layout_basic, minmay_misc_feat_cross
D:2:      layout_loops_ring, moated_statue
D:3:      layout_basic, ebering_ghost_sewer_f, uniq_crazy_yiuf_cottage
D:4:      layout_basic, minmay_misc_feat_plants
D:5:      layout_loops_ring, minmay_temple_entry_tees, grunt_ministairs_15,
          minmay_shop_mass, uniq_duvessa

Skill      XL: |  1  2  3  4  5 |
---------------+----------------+-----
Ranged Weapons | 6 7 8 9 |  9.0
Fighting       | 2 |  2.2
Dodging        | |  2.4
Stealth        | |  1.2

Action                     |  1- 3 |  4- 6 || total
---------------------------+-------+-------++-------
   Fire: Shortbow          |   112 |   116 ||   228
    Use: Scroll            |     6 |     2 ||     8
         Potion            |     1 |     2 ||     3
 Armour: Leather armour    |     4 |       ||     4
         Ring mail         |     3 |    17 ||    20
  Dodge: Dodged            |    19 |    25 ||    44
  Block: Other             |       |    19 ||    19

Table legend:
 A = Non-vault XP
 B = Vault XP
 C = Vault XP percentage of total XP
 D = Non-vault monster count
 E = Vault monster count
 F = Vault count percentage of total count
                 A         B        C        D         E       F
            +---------+---------+-------+---------+---------+-------
      Total |     346 |       0 |   0.0 |      77 |       0 |   0.0
            +---------+---------+-------+---------+---------+-------
        D:1 |      42 |       0 |   0.0 |      24 |       0 |   0.0
        D:2 |      32 |       0 |   0.0 |      14 |       0 |   0.0
        D:3 |      50 |       0 |   0.0 |      15 |       0 |   0.0
        D:4 |     222 |       0 |   0.0 |      24 |       0 |   0.0
            +---------+---------+-------+---------+---------+-------
